 Dungeon Crawl Stone Soup version 0.26.1-11-gd32895ea62 (webtiles) character file.

Game seed: 14040220002266284306

39 dtburroughs the Skirmisher (level 3, -5/33 HPs)
             Began as a Minotaur Berserker on July 10, 2021.
             Was a Believer of Trog.
             Slain by a goblin
             ... wielding a +0 club
             ... led by Robin
              (8 damage)
             ... on level 2 of the Dungeon.
             The game lasted 00:01:06 (992 turns).

dtburroughs the Skirmisher (Minotaur Berserker)      Turns: 992, Time: 00:01:06

Health: -5/33      AC:  2    Str: 21    XL:     3   Next: 28%
Magic:  2/2        EV: 12    Int:  5    God:    Trog [**....]
Gold:   82         SH:  0    Dex:  9    Spells: 2/2 levels left

rFire    . . .     SeeInvis .   a - +0 hand axe
rCold    . . .     Faith    .   (no shield)
rNeg     . . .     Spirit   .   b - +0 animal skin
rPois    .         Reflect  .   (helmet restricted)
rElec    .         Harm     .   (no cloak)
rCorr    .         Rampage  .   (no gloves)
Will     .....                  (no boots)
Stlth    +.........             (no amulet)
HPRegen  0.11/turn              (no ring)
MPRegen  0.08/turn              (no ring)

@: no status effects
A: retaliatory headbutt, horns 2
a: Renounce Religion, Berserk, Trog's Hand


You were on level 2 of the Dungeon.
You worshipped Trog.
Trog was pleased with you.
You visited 1 branch of the dungeon, and saw 2 of its levels.

You collected 82 gold pieces.

Inventory:

Hand Weapons
 a - a +0 hand axe (weapon)
Armour
 b - a +0 animal skin (worn)
Jewellery
 i - an uncursed ring of protection from cold {unknown}
Scrolls
 d - 3 scrolls of identify {unknown}
 e - a scroll of teleportation {unknown}
 g - a scroll of remove curse {unknown}
 h - a scroll of noise {unknown}
Potions
 c - 2 potions of brilliance {unknown}
 f - a potion of resistance {unknown}


   Skills:
 + Level 4.1 Fighting
 + Level 4.1 Axes
 + Level 3.1 Armour
 + Level 2.8 Dodging


You had 2 spell levels left.
You didn't know any spells.
Your spell library was empty.

Dungeon Overview and Level Annotations

Branches:
Dungeon (2/15)

Altars:


Innate Abilities, Weirdness & Mutations

You reflexively headbutt those who attack you in melee.
You have a pair of horns on your head.


Message History

You hit the hobgoblin.
The hobgoblin is severely wounded.
You hit Robin. The hobgoblin hits you with a +0 club. Robin misses you.
You hit the hobgoblin.
You kill the hobgoblin!
Trog accepts your kill.
You slash Robin! Robin hits you with a +0 short sword.
The goblin hits you with a +0 club.
* * * LOW HITPOINT WARNING * * *
You completely miss Robin. Your headbutt misses Robin.
Robin is severely wounded.
You closely miss the goblin. Robin hits you with a +0 short sword.
* * * LOW HITPOINT WARNING * * *
The goblin hits you with a +0 club.
* * * LOW HITPOINT WARNING * * *
You hit Robin. You headbutt Robin.
You kill Robin!
Trog accepts your kill.
You closely miss the goblin. The goblin hits you with a +0 club!
You die...

###########
#######.........#####
........#.#.#.#.....#
.......(.............
##.)....#.#.#.#.....
......†.............
........#.#.#.#.##
...............)######..
........#.#.#.#.@gg.....
...#....=......S######.#
.#.#......#...........
.#.#......##..########
#.#########..# ..>..
.###.. #.. #.


You could see an adder and 2 goblins.

Vanquished Creatures
  Robin (D:2)
  A dart slug (D:1)
  A leopard gecko (D:1)
  2 bats
  A giant cockroach (D:1)
  6 goblins (D:2)
  6 hobgoblins
  3 jackals (D:2)
  A quokka (D:2)
  2 frilled lizards (D:2)
  4 kobolds
  7 rats
35 creatures vanquished.

Notes
Turn   | Place    | Note
-------+----------+-------------------------------------------
     0 | D:1      | dtburroughs the Minotaur Berserker began the quest for the
                  | Orb.
     0 | D:1      | Reached XP level 1. HP: 19/19 MP: 0/0
   310 | D:1      | Reached XP level 2. HP: 27/27 MP: 1/1
   907 | D:2      | Reached ** piety under Trog
   908 | D:2      | Reached XP level 3. HP: 26/33 MP: 2/2
   979 | D:2      | Noticed Robin
   992 | D:2      | Killed Robin
   992 | D:2      | Slain by a goblin

Illustrated notes

Levels and vault maps discovered:
D:1:      amcnicky_arrival_abandoned_market, layout_basic
D:2:      layout_basic, ashenzari_conservatory_becter, lemuel_round_altar,
          serial_glass, glass_columns_c, glass_columns_a, item_on_display_a,
          item_on_display_a, item_on_display_a, feat_on_display,
          kennysheep_slug_shrine, uniq_robin

Skill      XL: |  1  2 |
---------------+-------+-----
Fighting       | 4 |  4.1
Axes           | 4 |  4.1
Armour         | 3 |  3.1
Dodging        | |  2.8

Action                   || total
-------------------------++-------
Melee: Hand axe          ||    54
       Headbutt          ||     8
Armor: Animal skin       ||     8
Dodge: Dodged            ||    37
